 Dungeon Crawl Stone Soup version 0.25-a0-843-g6944ee31a2 (webtiles) character file.

Game seed: 1827382480255398137, levelgen mode: deterministic

49 Esekla the Ducker (level 3, 0/16 HPs)
             Began as a Felid Skald on Apr 25, 2020.
             Splashed by a jelly's acid (5 damage)
             ... on level 4 of the Dungeon.
             The game lasted 00:08:35 (1647 turns).

Esekla the Ducker (Felid Skald)                     Turns: 1647, Time: 00:08:36

Health: 0/16       AC: -3    Str:  7    XL:     3   Next: 53%
Magic:  2/7        EV: 19    Int: 15    God:
Gold:   121        SH:  0    Dex: 15    Spells: 1/7 levels left
                                        Lives:  0   Deaths: 0

rFire    . . .     SeeInvis +     - Unarmed
rCold    . . .     Gourm    .   (shield unavailable)
rNeg     . . .     Faith    .   (armour unavailable)
rPois    .         Spirit   .   (helmet unavailable)
rElec    .         Reflect  .   (cloak unavailable)
rCorr    .         Harm     .   (gloves unavailable)
MR       .....                  (boots unavailable)
Stlth    ++........             (no amulet)
HPRegen  0.05/turn              j - ring of wizardry
MPRegen  0.10/turn              (no ring)

@: infused, corroded, quick
A: very small, no armour, no weapons or thrown items, stealth, claws 1, fangs 3,
see invisible, carnivore, speed 1, shaggy fur 1, slow metabolism 1, sharp paws
a: no special abilities


You were on level 4 of the Dungeon.
You were not hungry.

You visited 1 branch of the dungeon, and saw 4 of its levels.

You collected 121 gold pieces.

Inventory:

Jewellery
 j - a ring of wizardry (left paw)
Wands
 n - a wand of flame (27)
Scrolls
 a - 2 scrolls of remove curse {unknown}
 c - a scroll of enchant weapon {unknown}
 d - a scroll of fear {unknown}
 e - 2 scrolls of identify {unknown}
 g - 2 scrolls of blinking {unknown}
 h - a scroll of amnesia {unknown}
 i - 2 scrolls of teleportation {unknown}
 k - 2 scrolls of fog {unknown}
 l - a scroll of noise {unknown}
Potions
 f - 2 potions of lignification {unknown}
 m - a potion of curing {unknown}
Comestibles
 b - 6 rations


   Skills:
 - Level 2.0 Fighting
 * Level 3.9 Dodging
 - Level 1.0 Stealth
 + Level 2.7 Unarmed Combat
 * Level 2.6 Spellcasting
 - Level 3.6 Charms
 * Level 0.1 Ice Magic


You had one spell level left.
You knew the following spells:

 Your Spells              Type           Power        Failure   Level  Hunger
a - Infusion              Chrm           ##..         1%          1    #......
b - Shroud of Golubria    Chrm/Tloc      #.....       6%          2    ###....
c - Ozocubu's Armour      Chrm/Ice       #.......     12%         3    ###....

Your spell library contained the following spells:

 Spells                   Type           Power        Failure   Level  Hunger
 Song of Slaying          Chrm           ##......     2%          2    ###....
 Spectral Weapon          Hex/Chrm       Unusable     N/A         3    N/A

Dungeon Overview and Level Annotations

Branches:
Dungeon (4/15)
 Temple: D:4-7

Altars:

Annotations:
D:3 Natasha


Innate Abilities, Weirdness & Mutations

You cannot wear armour.
You are incapable of wielding weapons or throwing items.
Your paws allow you to move quietly. (Stealth)
You have sharp claws.
You have razor-sharp teeth.
You have supernaturally acute eyesight. (SInv)
You are carnivorous and can eat meat at any time.
You cover ground quickly.
You are covered in fur. (AC +1)
You have a slow metabolism.
Your sharp claws are effective at attacking unaware monsters.


Message History

Found a ration.
Casting: Infusion (safe; 1% risk of failure)
Confirm with . or Enter, or press ? or * to list all spells.
You begin infusing your attacks with magical energy.
You scratch the quokka!
You kill the quokka!
A jelly comes into view.
The jelly quivers.
You see here a scroll labeled QEDISY DARCH.
k - 2 scrolls labeled QEDISY DARCH (gained 1)
Casting: Infusion (safe; 1% risk of failure)
Confirm with . or Enter, or press ? or * to list all spells.
Space distorts slightly along a thin shroud covering your body.
You scratch the jelly!
Your paws burn!
The jelly is heavily wounded.
The jelly hits you.
You are splashed with acid!
Ouch! That really hurt!
Your shroud falls apart!
You scratch the jelly. The acid corrodes you!
Your paws burn!
You die...

### #.# ...##...#
#....... . #
#......#
..##.#......+
.....#......####
............<..#
.............#.##...
#.....J@.#.#......##
######.......#....#%
#...#.#.#....##
#.......# .....
#.....### .....
#.....# #### #.....#
#...### +...


You could see a jelly.

Vanquished Creatures
  An adder (D:3)
  A leopard gecko (D:1)
  2 giant cockroaches
  4 goblins
  4 hobgoblins
  8 jackals (D:2)
  A quokka (D:4)
  2 ball pythons (D:1)
  5 bats
  2 frilled lizards (D:1)
  4 kobolds
  4 rats (D:1)
38 creatures vanquished.

Notes
Turn   | Place    | Note
-------+----------+-------------------------------------------
     0 | D:1      | Esekla the Felid Skald began the quest for the Orb.
     0 | D:1      | Reached XP level 1. HP: 9/9 MP: 4/4
   271 | D:1      | Reached XP level 2. HP: 7/13 MP: 0/6
   412 | D:1      | Learned a level 2 spell: Shroud of Golubria
   979 | D:2      | Reached XP level 3. HP: 16/16 MP: 3/7
  1022 | D:2      | Reached skill level 1 in Stealth
  1252 | D:2      | Learned a level 3 spell: Ozocubu's Armour
  1574 | D:3      | Noticed Natasha
  1647 | D:4      | Splashed by a jelly's acid

Levels and vault maps discovered:
D:1:      ebering_trefoil_3fold, layout_loops_ring
D:2:      layout_loops_ring
D:3:      layout_loops_cross, first_ration, minmay_misc_feat_roman,
          kennysheep_flooded_box, uniq_natasha
D:4:      layout_basic, serial_glass, glass_columns_b, glass_columns_a,
          glass_columns_b, glass_columns_a, glass_columns_c, glass_columns_a,
          minmay_strange_pillars, due_unseen_surprise, item_on_display_a

Skill      XL: |  1  2  3 |
---------------+----------+-----
Stealth        | 1 |  1.0
Fighting       | |  2.0
Dodging        | |  3.9
Unarmed Combat | |  2.7
Spellcasting   | |  2.6
Charms         | |  3.6
Ice Magic      | |  0.1

Action                   || total
-------------------------++-------
Melee: Unarmed           ||    94
       Bite              ||     4
       Punch             ||     1
 Cast: Infusion          ||    11
       Shroud of Golubri ||     4
 Stab: Sleeping          ||     4
  Eat: Chunk             ||     4
Armor: Skin              ||     3
Dodge: Dodged            ||    81

Table legend:
 A = Non-vault XP
 B = Vault XP
 C = Vault XP percentage of total XP
 D = Non-vault monster count
 E = Vault monster count
 F = Vault count percentage of total count
                 A         B        C        D         E       F
            +---------+---------+-------+---------+---------+-------
      Total |      71 |       0 |   0.0 |      38 |       0 |   0.0
            +---------+---------+-------+---------+---------+-------
        D:1 |      29 |       0 |   0.0 |      20 |       0 |   0.0
        D:2 |      26 |       0 |   0.0 |      15 |       0 |   0.0
        D:3 |      14 |       0 |   0.0 |       2 |       0 |   0.0
        D:4 |       2 |       0 |   0.0 |       1 |       0 |   0.0
            +---------+---------+-------+---------+---------+-------
